 Dungeon Crawl Stone Soup version 0.20.1-1-g8b1a95d (webtiles) character file.

2278 DrClinical the Cleaver (level 9, -3/78 HPs)
             Began as a Hill Orc Berserker on Sept 17, 2017.
             Was an Elder of Trog.
             Killed from afar by an electric eel (5 damage)
             ... with a bolt of electricity
             ... on level 7 of the Dungeon.
             The game lasted 00:20:02 (4538 turns).

DrClinical the Cleaver (Hill Orc Berserker)         Turns: 4538, Time: 00:20:03

Health: -3/78      AC: 14    Str: 20    XL:     9   Next: 39%
Magic:  18/18      EV: 12    Int:  7    God:    Trog [****..]
Gold:   355        SH:  4    Dex: 13    Spells: 8/8 levels left

rFire    . . .     SeeInvis .   C - +0 war axe
rCold    . . .     Gourm    .   B - +0 buckler
rNeg     . . .     Faith    .   z - +4 ring mail of Amelioration {-Cast Regen+ MP+9}
rPois    +         Spirit   .   o - +0 helmet
rElec    .         Reflect  .   (no cloak)
rCorr    .         Harm     .   s - +0 pair of gloves
MR       .....     NoCast   +   h - +0 pair of boots
Stlth    +.........             x - amulet of regeneration
Regen    1.1/turn               E - ring of poison resistance
MPRegen  0.2/turn               (no ring)

@: no status effects
A: no striking features
a: Berserk, Trog's Hand, Brothers in Arms, Burn Spellbooks, Renounce Religion


You were on level 7 of the Dungeon.
You worshipped Trog.
Trog was greatly pleased with you.
You were not hungry.

You visited 1 branch of the dungeon, and saw 7 of its levels.

You collected 355 gold pieces.

Inventory:

Hand Weapons
 C - a +0 war axe (weapon)
Missiles
 l - 19 bolts
 G - 6 silver javelins (quivered)
Armour
 h - a +0 pair of boots (worn)
 o - a +0 helmet (worn)
 s - a +0 pair of gloves (worn)
 u - a +2 scale mail of cold resistance
 v - a +0 plate armour of positive energy
 z - the +4 ring mail of Amelioration (worn) {-Cast Regen+ MP+9}
   (You found it on level 4 of the Dungeon)

   It affects your magic capacity (+9).
   It prevents spellcasting.
   It increases your rate of regeneration.
 B - a +0 buckler (worn)
Jewellery
 x - an amulet of regeneration (around neck)
 y - an uncursed ring of fire
 E - a ring of poison resistance (left hand)
Wands
 t - a wand of flame (16/48)
 D - a wand of digging (11/24)
Scrolls
 a - a scroll of recharging {unknown}
 b - 2 scrolls of enchant armour {unknown}
 e - 2 scrolls of enchant weapon {unknown}
 i - 2 scrolls of teleportation
 m - a scroll of fog
 n - a scroll of remove curse
 r - 3 scrolls of fear
 A - 2 scrolls of random uselessness {unknown}
Potions
 g - a potion of resistance
 k - a potion of heal wounds {unknown}
 p - a potion of haste
 q - 3 potions of curing
 w - 2 potions of mutation {unknown}
 F - a potion of flight {unknown}
Comestibles
 c - 5 bread rations
 d - 5 meat rations
 f - 3 chunks of flesh
 j - 4 royal jellies


   Skills:
 + Level 6.5 Fighting
 + Level 12.2 Axes
 + Level 5.8 Armour
 + Level 3.7 Dodging
 + Level 1.4 Shields


You had 8 spell levels left.
You didn't know any spells.

Dungeon Overview and Level Annotations

Branches:
Dungeon (7/15)
 Temple: D:4-7

Altars:
Dithmenos
Gozag
Makhleb
Nemelex Xobeh
Trog
Uskayaw
Vehumet
The Shining One

Shops:
D:6 (

Annotations:
D:7 1 transporter


Message History

The bolt of electricity hits you!
The electric eel shoots out a bolt of lightning at you!
The bolt of electricity misses you.
The electric eel shoots out a bolt of lightning at you!
The bolt of electricity hits you!
* * * LOW HITPOINT WARNING * * *
You see here a book of Misfortune.
The electric eel shoots out a bolt of lightning at you!
The bolt of electricity hits you!
* * * LOW HITPOINT WARNING * * *
The electric eel shoots out a bolt of lightning at you!
The bolt of electricity hits you!
* * * LOW HITPOINT WARNING * * *
The bolt of electricity hits you!
* * * LOW HITPOINT WARNING * * *
The electric eel shoots out a bolt of lightning at you!
The bolt of electricity hits you!
* * * LOW HITPOINT WARNING * * *
The bolt of electricity hits you!
You die...

#.#P...P#.#
#.###'###.#
#.#≈...≈#.#
#.#≈...≈#.#
#.#≈...≈#.#
#.#;.⌠:;#.#
#.#.#≈...≈#.#
#.#.#≈...≈#.#
#.#.#≈.@.≈#.#
#.#.###+###.# .#
#.#.#P.?.P#.# .#
#.#.#8.©.8#.#
##########.#.#######.#
.....................#
###########.^.....####
####...## #####


You could see 2 electric eels.

Vanquished Creatures
  The ghost of Frank the Sneak, a novice OpFi of Dithmenos (D:6)
  Grinder (D:5)
  Prince Ribbit (D:6)
  Eustachio (D:5)
  An ice beast (D:5)
  A black bear (D:6)
  4 ogres
  2 bullfrogs (D:6)
  2 scorpions
  2 crimson imps
  3 hounds
  An orc priest (D:6)
  Terence (D:3)
  4 worker ants
  A worker ant zombie (D:6)
  Robin (D:2)
  3 gnolls (D:6)
  6 adders
  2 oozes
  An adder skeleton (D:6)
  A worm (D:4)
  A dart slug (D:3)
  4 leopard geckos
  10 orcs
  A bat (D:2)
  A giant cockroach (D:3)
  13 goblins
  15 hobgoblins
  5 jackals
  2 quokkas
  5 frilled lizards
  9 kobolds
  A leopard gecko skeleton (D:4)
  A quokka skeleton (D:6)
  10 rats
  2 plants (D:1)
120 creatures vanquished.

Notes
Turn   | Place    | Note
-------+----------+-------------------------------------------
     0 | D:1      | DrClinical the Hill Orc Berserker began the quest for the Orb.
     0 | D:1      | Reached XP level 1. HP: 19/19 MP: 1/1
    68 | D:1      | Reached XP level 2. HP: 16/27 MP: 2/2
   755 | D:1      | Reached XP level 3. HP: 28/33 MP: 3/3
  1037 | D:2      | Noticed Robin
  1038 | D:2      | Found a faded altar of an unknown god.
  1048 | D:2      | Reached ** piety under Trog
  1052 | D:2      | Killed Robin
  1169 | D:2      | Reached XP level 4. HP: 40/40 MP: 4/4
  1303 | D:2      | Reached skill level 5 in Axes
  1734 | D:3      | Noticed Terence
  1753 | D:3      | Killed Terence
  1952 | D:3      | Found a sparkling altar of Nemelex Xobeh.
  2034 | D:3      | Reached XP level 5. HP: 47/47 MP: 5/5
  2240 | D:3      | Reached skill level 6 in Axes
  2617 | D:4      | Reached XP level 6. HP: 42/55 MP: 6/6
  2645 | D:4      | Reached *** piety under Trog
  2850 | D:4      | Got an encrusted ring mail
  2861 | D:4      | Identified the +4 ring mail of Amelioration {-Cast Regen+ MP+9} (You found it on level 4 of the Dungeon)
  3070 | D:4      | Reached skill level 7 in Axes
  3114 | D:4      | Noticed a moth of wrath
  3117 | D:4      | Found a bloodstained altar of Trog.
  3131 | D:4      | Reached skill level 5 in Fighting
  3343 | D:5      | Entered Level 5 of the Dungeon
  3393 | D:5      | Found a radiant altar of Vehumet.
  3393 | D:5      | Found a burning altar of Makhleb.
  3393 | D:5      | Found a hide-covered altar of Uskayaw.
  3393 | D:5      | Found an opulent altar of Gozag.
  3400 | D:5      | Found a glowing golden altar of the Shining One.
  3404 | D:5      | Found a shadowy altar of Dithmenos.
  3436 | D:5      | Noticed an ice beast
  3444 | D:5      | Killed an ice beast
  3444 | D:5      | Reached XP level 7. HP: 61/61 MP: 7/7
  3502 | D:5      | Noticed Eustachio
  3516 | D:5      | Killed Eustachio
  3516 | D:5      | Reached skill level 8 in Axes
  3860 | D:5      | Noticed Grinder
  3873 | D:5      | Killed Grinder
  3873 | D:5      | Reached skill level 9 in Axes
  3873 | D:5      | Reached skill level 5 in Armour
  3873 | D:5      | Reached XP level 8. HP: 45/69 MP: 8/8
  3997 | D:6      | Noticed Frank's ghost (novice OpFi)
  4016 | D:6      | Killed Frank's ghost
  4016 | D:6      | Reached skill level 10 in Axes
  4057 | D:6      | Found a shadowy altar of Dithmenos.
  4075 | D:6      | Reached skill level 11 in Axes
  4075 | D:6      | Reached XP level 9. HP: 75/75 MP: 9/9
  4132 | D:6      | Found Nosiluc's Antique Weapon Emporium.
  4146 | D:6      | Reached **** piety under Trog
  4253 | D:6      | Noticed Prince Ribbit
  4265 | D:6      | Killed Prince Ribbit
  4265 | D:6      | Reached skill level 12 in Axes
  4265 | D:6      | Reached skill level 1 in Shields
  4286 | D:6      | Received a gift from Trog
  4496 | D:7      | Found a transporter.
  4515 | D:7      | Found a transporter.
  4538 | D:7      | HP: 2/78 [electric eel/bolt of electricity (5)]
  4538 | D:7      | Killed from afar by an electric eel

Skill      XL: |  1  2  3  4  5  6  7  8  9 |
---------------+----------------------------+-----
Fighting       | 4 5 6 |  6.5
Dodging        | 2 3 |  3.7
Axes           | 5 6 7 9 11 12 | 12.2
Armour         | 3 5 |  5.8
Shields        | 1 |  1.4

Action                   |  1- 3 |  4- 6 |  7- 9 || total
-------------------------+-------+-------+-------++-------
Melee: Hand axe          |   155 |   175 |       ||   330
       War axe           |       |    30 |   170 ||   200
Invok: Berserk           |       |     1 |     1 ||     2
       Burn Spellbooks   |       |     1 |     1 ||     2
  Use: Scroll            |       |     4 |     3 ||     7
  Eat: Chunk             |     1 |     8 |     5 ||    14
Armor: Animal skin       |     2 |       |       ||     2
       Ring mail         |    31 |    36 |    54 ||   121
       Scale mail        |       |    43 |       ||    43
Dodge: Dodged            |    46 |   101 |    77 ||   224
Block: Buckler           |       |       |    14 ||    14
